 Dungeon Crawl Stone Soup version 0.29.1-12-g30fa7ad0bf (webtiles) character file.

Game seed: 1033683383278368647

791 nightchill the Cutter (level 8, -10/47 (48) HPs)
             Began as a Kobold Earth Elementalist on Jan 3, 2023.
             Was an Initiate of Kikubaaqudgha.
             Mangled by an ogre
             ... wielding a +0 giant club
              (21 damage)
             ... on level 5 of the Dungeon on Jan 5, 2023.
             The game lasted 00:28:11 (7659 turns).

nightchill the Cutter (Kobold Earth Elementalist)   Turns: 7659, Time: 00:28:12

HP:   -10/47 (48)   AC:  6    Str:  8    XL:     8   Next: 12%
MP:   11/11         EV: 15    Int: 16    God:    Kikubaaqudgha [......]
Gold: 1910          SH:  0    Dex: 15    Spells: 8/11 levels left

rFire   . . .      SeeInvis +   b - +1 dagger (venom)
rCold   . . .      Faith    .   (no shield)
rNeg    . . .      Spirit   .   d - +0 robe
rPois   .          Reflect  .   k - +0 helmet
rElec   .          Harm     .   i - +1 cloak
rCorr   .          Rampage  .   (no gloves)
Will    .....                   l - +0 pair of boots
Stlth   ++++......              (no amulet)
HPRegen 0.15/turn               m - ring of see invisible
MPRegen 0.12/turn               (no ring)

@: weak-willed, lightly drained
A: small, no large weapons, nightstalker 3
a: Renounce Religion


You were on level 5 of the Dungeon.
You worshipped Kikubaaqudgha.
Kikubaaqudgha was noncommittal.
You visited 2 branches of the dungeon, and saw 7 of its levels.

You collected 1910 gold pieces.

Inventory:

Hand Weapons
 a - a +4 dagger of electrocution
 b - a +1 dagger of venom (weapon)
 c - a +0 sling
 t - a +0 rapier
 B - a +4 short sword of freezing
Missiles
 h - 4 poisoned darts
 s - 3 boomerangs
Armour
 d - a +0 robe (worn)
 i - a +1 cloak (worn)
 k - a +0 helmet (worn)
 l - a +0 pair of boots (worn)
Jewellery
 e - an amulet of faith
 m - a ring of see invisible (left hand)
 A - a ring of flight
Scrolls
 g - a scroll of fear {unknown}
 j - a scroll of amnesia {unknown}
 o - 3 scrolls of enchant armour {unknown}
 q - a scroll of vulnerability
 y - a scroll of magic mapping {unknown}
Potions
 f - 4 potions of resistance
 n - a potion of curing
 p - a potion of haste
 r - a potion of lignification {unknown}
 u - a potion of brilliance {unknown}
 v - a potion of berserk rage {unknown}
 w - 3 potions of magic
 x - a potion of attraction
 z - a potion of mutation {unknown}


   Skills:
 + Level 4.3 Fighting
 * Level 7.7 Short Blades
 - Level 2.4 Dodging
 + Level 6.6 Stealth
 - Level 2.1 Spellcasting
 - Level 1.0 Transmutations
 - Level 3.0 Earth Magic


You had 8 spell levels left.
You knew the following spells:

 Your Spells              Type           Power      Damage    Failure   Level
a - Sandblast             Erth           22%        2d7       6%          1
b - Passwall              Tmut/Erth      6%         N/A       14%         2

Your spell library contained the following spells:

 Spells                   Type           Power      Damage    Failure   Level
 Blink                    Tloc           2%         N/A       30%         2
 Static Discharge         Conj/Air       1%         3-4/arc   30%         2
 Stone Arrow              Conj/Erth      12%        3d7       32%         3
 Gell's Gravitas          Tloc           1%         N/A       52%         3
 Lesser Beckoning         Tloc           1%         N/A       52%         3
 Teleport Other           Tloc           1%         N/A       52%         3
 Petrify                  Tmut/Erth      8%         N/A       65%         4
 Dispel Undead            Necr           1%         3d6       90%         4
 Sticky Flame             Conj/Fire      1%         2d3       90%         4
 Manifold Assault         Tloc           1%         N/A       99%         5


Dungeon Overview and Level Annotations

Branches:
Dungeon (6/15)             Temple (1/1) D:4

Altars:
Ashenzari
Cheibriados
Dithmenos
Elyvilon
Fedhas
Gozag
Hepliaklqana
Kikubaaqudgha
Makhleb
Nemelex Xobeh
Okawaru
Qazlal
Ru
Sif Muna
Trog
Uskayaw
Vehumet
Wu Jian
Xom
Yredelemnul
Zin
The Shining One

Annotations:
D:3 exclusions: 2 downstairs and orc wizard
D:4 exclusion: downstairs


Innate Abilities, Weirdness & Mutations

You are small and have problems with some larger weapons.
You are completely attuned to the shadows.


Message History

Found a flail.
Found an escape hatch in the ceiling.
You see here a +0 mace.
There is an escape hatch in the ceiling here.
Found a runed dagger.
You see here a +1 dagger of venom.
C - a +1 dagger of venom Adjust (i)tems, (s)pells, or (a)bilities?
C - a +1 dagger of venom Adjust to which letter? (? for menu, Esc to quit)
b - a +1 dagger of venom;
C - a +0 dagger of venom You drop a +0 dagger of venom.
Found an escape hatch in the floor.
Found a scroll labelled RUSUGU MAJA.
o - 3 scrolls labelled RUSUGU MAJA (gained 1)
Okay, then.
There is a stone staircase leading up here.
As you read the scroll labelled WOKHLI ZUORIAMM, it crumbles to dust.
Magic quickly surges around you.
It was a scroll of vulnerability.
You start waiting.
An ogre is nearby!
Your +4 dagger of electrocution stops crackling.
Your +1 dagger of venom begins to drip with poison!
b - a +1 dagger of venom (weapon)
The ogre shouts!
You hit the ogre.
The ogre is poisoned.
The ogre is lightly wounded.
You barely miss the ogre.
The ogre is lightly wounded.
The ogre hits you with a +0 giant club!!
You hit the ogre.
The ogre looks as sick as possible!
The ogre is lightly wounded.
The ogre hits you with a +0 giant club!
* * * LOW HITPOINT WARNING * * *
You climb upwards.
There is a stone staircase leading down here.
The ogre attacks as you move away!
The ogre hits you with a +0 giant club!!
You die...
Kikubaaqudgha rasps: "You have failed me!
Welcome... death!"

####.##.###...## #. #.......#
#..## #. #.##.#### #..# ####. ###
#.##.######..# #.... ..#
#.##.........## #.##. #.#
#.#########...## #.##. #[# #.##
##.....## #.##. #.# ##..##
##.......## ##.##.
#[#####....####.@.......####^..#.
.[............'..O......'........
#.#####....####.........####..)..
..# #.#.## ##.......## #..>.. ###
#.### ##.....## #.###. #...#
##...## #..... ###.# ##'## #.####
##.## #.# #.#### ##...## #.#
#.....


You could see an ogre (extremely poisoned).

Vanquished Creatures
  An ogre (D:5)
  A phantom (D:5)
  A bullfrog (D:6)
  A necrophage (D:6)
  3 scorpions
  A howler monkey (D:5)
  An orc priest (D:4)
  2 orc wizards (D:5)
  7 gnolls
  7 adders
  A shadow imp (D:5)
  A white imp (D:5)
  2 ufetubi
  A worm (D:2)
  2 dart slugs (D:1)
  9 orcs
  6 ball pythons
  3 endoplasms
  2 giant cockroaches (D:3)
  4 goblins
  5 hobgoblins
  3 quokkas
  3 bats
  A frilled lizard (D:2)
  2 kobolds
  3 rats
73 creatures vanquished.

Vanquished Creatures (others)
  An angel (D:5)
  4 fungi (D:3)
  A plant (D:2)
6 creatures vanquished.

Grand Total: 79 creatures vanquished

Notes
Turn   | Place    | Note
-------+----------+-------------------------------------------
     0 | D:1      | nightchill the Kobold Earth Elementalist began the quest
                  | for the Orb.
     0 | D:1      | Reached XP level 1. HP: 10/10 MP: 3/3
   314 | D:1      | Reached skill level 1 in Short Blades
   319 | D:1      | Reached XP level 2. HP: 16/16 MP: 3/5
   966 | D:2      | Reached skill level 1 in Fighting
   966 | D:2      | Reached skill level 2 in Short Blades
   966 | D:2      | Reached XP level 3. HP: 16/20 MP: 3/6
  1557 | D:2      | Reached XP level 4. HP: 25/25 MP: 4/7
  1558 | D:2      | Reached skill level 3 in Short Blades
  1890 | D:2      | Found a radiant altar of Vehumet.
  2319 | D:3      | Found a blossoming altar of Fedhas.
  2651 | D:3      | Found an iron altar of Okawaru.
  2664 | D:3      | Found an ornate altar of the Wu Jian Council.
  2893 | D:3      | HP: 1/26 [gnoll/+0 whip (7)]
  3433 | D:4      | Reached XP level 5. HP: 20/30 MP: 1/8
  3599 | D:4      | Reached skill level 4 in Short Blades
  3723 | D:4      | Found a snail-covered altar of Cheibriados.
  3771 | D:4      | Identified 2 scrolls of acquirement
  3771 | D:4      | Acquired 639 gold pieces
  3775 | D:4      | Acquired 843 gold pieces
  3867 | D:4      | Reached XP level 6. HP: 36/36 MP: 9/9
  4109 | D:4      | Reached skill level 5 in Short Blades
  4162 | D:4      | Found a staircase to the Ecumenical Temple.
  4172 | Temple   | Entered the Ecumenical Temple
  4337 | Temple   | Became a worshipper of Kikubaaqudgha
  4341 | Temple   | Learned a level 2 spell: Passwall
  4581 | D:4      | Found a hazy altar of Hepliaklqana.
  4686 | D:5      | Entered Level 5 of the Dungeon
  4848 | D:5      | Reached skill level 5 in Stealth
  4853 | D:5      | Killed an angel
  5239 | D:5      | Found a glowing silver altar of Zin.
  5350 | D:5      | Found a shimmering altar of Xom.
  5368 | D:5      | Noticed an ogre
  5384 | D:4      | Reached XP level 7. HP: 16/41 MP: 10/10
  5793 | D:5      | Reached skill level 6 in Short Blades
  6401 | D:5      | Found a sacrificial altar of Ru.
  6566 | D:5      | Found a shadowy altar of Dithmenos.
  6911 | D:6      | Reached skill level 7 in Short Blades
  7314 | D:6      | Reached XP level 8. HP: 46/48 MP: 11/11
  7659 | D:5      | Mangled by an ogre

Illustrated notes

Levels and vault maps discovered:
D:1:      amcnicky_arrival_choice, layout_loops_ring
D:2:      layout_basic, basic_altar, chequers_big_river
D:3:      layout_loops_cross, mainiacjoe_overflow_six_doors_small,
          lemuel_crystal_altar, fedhas_altar_3, kennysheep_nondescript
D:4:      layout_rooms, amcnicky_altar_gilded, lemuel_tele_altar,
          minmay_temple_entry_overgrown
D:5:      layout_loops_corners, grunt_temple_overflow_order_and_chaos_1,
          nicolae_dithmenos_shadow_blocks, mainiacjoe_overflow_alcove_2
D:6:      layout_loops_cross, hangedman_decor_points
Temple:   hellmonk_temple_forest_ring

Skill      XL: |  1  2  3  4  5  6  7 |
---------------+----------------------+-----
Short Blades   | 1 2 3 4 5 7 |  7.7
Stealth        | 3 4 5 6 |  6.6
Fighting       | 1 2 3 4 |  4.3
Dodging        | |  2.4
Spellcasting   | |  2.1
Transmutations | |  1.0
Earth Magic    | |  3.0

Action                   |  1- 3 |  4- 6 |  7- 9 || total
-------------------------+-------+-------+-------++-------
Melee: Short sword       |     8 |       |       ||     8
       Dagger            |     7 |    69 |    63 ||   139
       Punch             |       |     2 |     1 ||     3
 Cast: Sandblast         |    23 |    30 |    13 ||    66
  Use: Scroll            |       |     8 |     4 ||    12
 Stab: Sleeping          |     6 |     7 |     1 ||    14
       Distracted        |       |       |     1 ||     1
Armor: Robe              |     2 |     9 |    17 ||    28
Dodge: Dodged            |    18 |    78 |    50 ||   146
